Cogmind - Beta 14 @@@ ROGUE MODE // 2025.03.02 @ 19:05:52 Player: Derk Result: Destroyed by B-75 Beast with Magnetic Acceleration Cannon Performance ------------- Evolutions (5) 2500 Regions Visited (20) 4000 Robots Destroyed (282) 1410 Value Destroyed (13831) 13831 Prototype IDs (40) 800 Alien Tech Used (0) 0 Bonus (7465) 7465 TOTAL SCORE: 30006 Bonus ------- Triggered High Security 500 High Alert Combat Kills 2652 Follower Combat Kills 3200 Entered Garrisons 1000 Used RIF Installer 2000 Network Hubs Disabled 200 Built Enhanced Grunts 300 A7 Reached Mainframe 300 Friendly Fire -2687 Cogmind --------- Core Integrity 0/1000 Matter 31/300 Energy 58/100 System Corruption 26% Temperature Warm (132) Movement Treading (240) Ox1 Location -5/Garrison Parts ------- > --- POWER (1) -------- (None) > --- PROPULSION (4) --- Improved Treads Improved Treads Improved Medium Treads > --- UTILITY (10) ----- Large Storage Unit Experimental Targeting Computer Layered Heavy Armor Plating Layered Heavy Armor Plating Layered Heavy Armor Plating Relay Coupler [Swarmer] (28) Relay Coupler [Behemoth] (1) > --- WEAPON (2) ------- Coil Gun Hypervelocity Gauss Cannon > --- INVENTORY (15) --- Neutrino Core Antigrav System Antigrav System Energy Well (350) Relay Coupler [NC] (35) Relay Coupler [NC] (29) Long-range Tractor Beam Tesla Rifle Neutron Cannon Neutron Cannon Heavy Missile Launcher Improved Remote Datajack Plasma Lance Peak State ------------ > --- POWER ------------ Improved Quantum Reactor > --- PROPULSION ------- Improved Heavy Treads Centrium Heavy Treads > --- UTILITY ---------- Huge Storage Unit Experimental Targeting Computer Hardened Heavy Armor Plating Centrium Medium Armor Plating Relay Coupler [NC] Relay Coupler [Sentry] Relay Coupler [Heavy] > --- WEAPON ----------- Advanced KE Penetrator Helical Railgun > --- INVENTORY -------- Improved Quantum Reactor Armored Wheel Experimental Heat Sink Coolant Injector Energy Well Improved Light Armor Plating Improved Light Armor Plating Centrium Light Armor Plating Improved Hacking Suite Authchip [R/Combat] Authchip [R/Combat] Authchip [R/Combat] Relay Coupler [NC] Relay Coupler [NC] Relay Coupler [Sentry] Heavy Beamcaster Heavy Beamcaster Advanced Variable Charge Gun Advanced Variable Charge Gun Gauss Rifle Heavy Missile Launcher Heavy Missile Launcher Advanced Datajack Remote Datajack Plasma Lance [Rating: 106] Favorites ----------- Power Cooled Ion Engine Engine Cooled Ion Engine Power Core Enhanced Nuclear Core Reactor Improved Quantum Reactor Propulsion Advanced Treads Treads Advanced Treads Leg Improved Carbon-fiber Leg Wheel Armored Huge Wheel Hover Unit Antigrav System Flight Unit VTOL Module Utility Huge Storage Unit Device Improved Cooling System Storage Huge Storage Unit Processor Experimental Targeting Computer Hackware Relay Coupler [NC] Protection Improved Medium Armor Plating Weapon Improved Assault Rifle Energy Gun Heavy EM Shotgun Energy Cannon Heavy Ion Cannon Ballistic Gun Improved Assault Rifle Ballistic Cannon Advanced Assault Cannon Launcher Heavy Missile Launcher Special Weapon Remote Datajack Impact Weapon Heavy Flail Slashing Weapon Scythe Piercing Weapon Plasma Lance Special Melee Weapon Datajack Build | -11 -10 -9 -9 -8 -8 -8 -7 -7 -7 -7 -6 -6 -6 -6 -6 -6 -5 -5 -5 -5 ------- Run | Yrd Mat Mat Min Mat Sto Gar Fac Gar Fac Gar Fac Gar Ext Cet Arc Hub Fac Was Fac Gar Slots Evolved 10 | . . 2 . 2 . . 2 . . . 2 . . . . . 2 . . . Power . | . . . . . . . . . . . . . . . . . . . . . Propulsion 2 | . . 1 . . . . 1 . . . . . . . . . . . . . Utility 8 | . . 1 . 2 . . 1 . . . 2 . . . . . 2 . . . Weapon . | . . . . . . . . . . . . . . . . . . . . . Parts Attached 473 | 7 23 47 6 15 18 19 47 30 40 20 21 63 15 14 3 28 26 1 16 14 Power 26 | 1 1 5 1 . . . 2 3 1 . 1 3 . 1 . 3 2 . 1 1 Engine 14 | 1 1 5 1 . . . 2 1 . . . 2 . . . 1 . . . . Core 5 | . . . . . . . . 1 1 . . . . . . . 2 . 1 . Reactor 7 | . . . . . . . . 1 . . 1 1 . 1 . 2 . . . 1 Propulsion 79 | 2 8 11 1 4 . 3 7 3 5 1 1 15 . 1 . 1 7 . 7 2 Treads 34 | 2 2 8 1 1 . 2 3 . 1 1 . 7 . 1 . . . . 3 2 Leg 11 | . 3 2 . . . . . . . . . 6 . . . . . . . . Wheel 25 | . 3 1 . 3 . 1 4 3 4 . 1 2 . . . 1 . . 2 . Hover 8 | . . . . . . . . . . . . . . . . . 7 . 1 . Flight 1 | . . . . . . . . . . . . . . . . . . . 1 . Utility 154 | 2 5 18 3 10 3 7 12 10 12 8 8 15 3 5 2 8 12 1 4 6 Device 43 | 1 3 10 1 5 1 2 3 3 3 2 1 2 1 . . . 3 . 2 . Storage 14 | 1 2 3 . 2 . . . . . . . 1 . . . . 3 1 1 . Processor 7 | . . . . 2 . 1 . . . . 1 1 . . . . 1 . 1 . Hackware 39 | . . . . . . 2 4 4 5 2 2 7 1 . 2 2 5 . . 3 Protection 51 | . . 5 2 1 2 2 5 3 4 4 4 4 1 5 . 6 . . . 3 Artifact . | . . . . . . . . . . . . . . . . . . . . . Weapon 214 | 2 9 13 1 1 15 9 26 14 22 11 11 30 12 7 1 16 5 . 4 5 Energy Gun 30 | . . 1 1 1 7 2 3 3 2 . 2 . 2 2 . 3 1 . . . Energy Cannon 16 | . . 1 . . 1 1 2 2 3 3 . . . 1 . . . . 1 1 Ballistic Gun 55 | 2 5 8 . . 4 2 3 3 4 1 1 13 . 2 . 4 . . 2 1 Ballistic Cannon 12 | . . 1 . . . . 4 . 1 2 1 2 . . . . . . . 1 Launcher 6 | . . . . . . . . . . 1 . 2 . 1 . 2 . . . . Special Weapon 46 | . 3 1 . . 1 . . 4 8 3 3 7 7 . 1 4 2 . . 2 Impact Weapon 7 | . . . . . 2 3 2 . . . . . . . . . . . . . Slashing Weapon 21 | . . . . . . . 6 2 4 1 4 4 . . . . . . . . Piercing Weapon 10 | . . . . . . . . . . . . 2 3 1 . 2 1 . 1 . Special Melee Weapon 11 | . 1 1 . . . 1 6 . . . . . . . . 1 1 . . . Unidentified Prototypes 20 | . . 4 . . 4 . . . 1 1 . 6 . 4 . . . . . . Parts Lost 99 | . 3 3 3 1 1 6 6 10 . . 8 18 3 1 . 8 13 1 8 6 Power 17 | . 1 1 1 . . . 1 2 . . 1 3 . . . 2 2 . 1 2 Propulsion 29 | . 2 . 1 . . 2 1 3 . . . 6 . . . 1 5 1 4 3 Utility 36 | . . 1 1 1 1 2 4 3 . . 5 6 3 1 . 4 2 . 1 1 Weapon 17 | . . 1 . . . 2 . 2 . . 2 3 . . . 1 4 . 2 . Highest Loss Streak 7 | . 2 2 3 1 1 3 2 5 . . 5 7 2 1 . 7 6 1 5 2 To Critical Strikes . | . . . . . . . . . . . . . . . . . . . . . Average Slot Usage (%) 88 | . 99 99 99 98 89 93 84 82 83 80 85 86 85 86 83 79 56 91 83 88 Engine 4 | . 13 10 10 9 9 9 6 . . . . 1 . . . . 2 . . . Core 1 | . . . . . . . . 1 7 7 3 . . . . . 1 5 1 . Reactor 1 | . . . . . . . . 4 . . 2 3 6 6 6 5 . . . 3 Treads 12 | . 14 29 32 23 . 12 8 8 1 5 6 6 13 13 13 12 3 . 3 19 Leg 1 | . 4 3 . . . . . . . . . 6 . . . . . . . . Wheel 6 | . 8 . . 3 27 14 13 13 14 8 6 2 . . . . 2 . 2 1 Device 7 | . 14 10 9 8 9 8 5 11 5 6 7 5 . . . . 4 11 9 4 Storage 8 | . 14 11 11 9 9 9 7 7 7 7 6 7 6 6 6 6 5 11 11 8 Processor 4 | . . . . 9 9 9 4 . . . 5 5 6 6 6 6 5 11 11 8 Hackware 12 | . . . . . . 3 11 12 16 12 15 22 32 13 17 19 12 23 23 19 Protection 9 | . . 10 12 17 9 9 8 4 13 15 16 6 6 25 19 12 . . . 5 Energy Gun 2 | . . . 11 9 8 5 3 3 1 . . . 4 1 2 2 3 . . . Energy Cannon 1 | . . 1 . . . . 1 4 2 2 3 . . . . . . . . 3 Ballistic Gun 7 | . 24 19 11 9 7 10 2 1 4 5 2 7 2 1 6 6 . . 4 3 Special Weapon 1 | . 2 . . . 1 . . 1 2 1 1 2 4 4 3 2 1 5 . 1 Peak Build Rating 106 | 7 10 26 28 34 36 38 51 56 55 64 71 88 92 105 105 106 89 89 90 91 Average Rating 51 | 6 7 21 25 32 32 36 45 49 52 60 69 67 87 99 94 99 60 85 68 82 On Entrance 53 | . 7 8 26 27 33 35 37 47 49 54 63 70 84 84 105 86 49 89 82 84 Naked Turns . | . . . . . . . . . . . . . . . . . . . . . Heaviest Build 140 | 15 27 45 50 113 112 111 120 119 121 125 125 112 110 129 127 140 97 28 40 94 Greatest Support 155 | 40 40 66 66 66 36 36 56 52 56 56 75 150 150 155 155 155 80 42 90 106 Greatest Overweight (x) 30 | . 2 3 . 3 3 9 4 9 3 4 4 30 . . . 8 28 . 7 1 Average Overweight (x) 1 | . . . . . 2 5 2 3 1 3 2 1 . . . . 3 . 1 . Largest Inventory Capacity 25 | 8 15 25 15 25 25 25 25 25 25 25 25 25 25 25 25 25 25 10 15 15 Average Capacity 21 | 7 12 15 15 16 25 25 25 25 25 25 25 25 25 25 25 25 22 10 10 15 Most Carried 25 | 6 15 15 15 21 25 25 25 25 25 25 25 25 25 25 25 25 25 10 12 15 Average Carried 19 | 4 10 14 14 13 22 23 23 21 24 24 22 20 24 24 24 23 18 8 6 14 Final Capacity 25 | 8 15 15 15 25 25 25 25 25 25 25 25 25 25 25 25 25 10 10 15 15 Final Carried 25 | 6 15 15 12 21 23 25 23 25 25 23 21 24 25 24 24 18 10 7 12 13 Class Distribution -------------------- 43% | Bothacker-Mutant 28% | Mutant 12% | Botlord-Mutant 10% | Scavenger-Mutant 4% | Commander-Mutant Dominant Class ---------------- Mutant | -10/Materials Mutant | -9/Materials Mutant | -9/Mines Mutant | -8/Materials Mutant | -8/Storage Mutant | -8/Garrison Bothacker-Mutant | -7/Factory Bothacker-Mutant | -7/Garrison Bothacker-Mutant | -7/Factory Bothacker-Mutant | -7/Garrison Bothacker-Mutant | -6/Factory Botlord-Mutant | -6/Garrison Botlord-Mutant | -6/Extension Commander-Mutant | -6/Cetus Commander-Mutant | -6/Archives Commander-Mutant | -6/Hub_04(d) Scavenger-Mutant | -5/Factory Scavenger-Mutant | -5/Waste Scavenger-Mutant | -5/Factory Bothacker-Mutant | -5/Garrison Resources | -11 -10 -9 -9 -8 -8 -8 -7 -7 -7 -7 -6 -6 -6 -6 -6 -6 -5 -5 -5 -5 ----------- Run | Yrd Mat Mat Min Mat Sto Gar Fac Gar Fac Gar Fac Gar Ext Cet Arc Hub Fac Was Fac Gar Matter Collected 9252 | 348 530 963 59 261 352 391 837 605 694 448 442 1164 518 191 32 452 491 . 227 247 Remotely . | . . . . . . . . . . . . . . . . . . . . . Salvage Created 12648 | 213 713 1079 41 628 1111 1070 827 722 382 738 604 1103 101 74 80 1642 672 . 476 372 Parts 643 | 16 49 81 4 45 62 51 49 25 25 22 36 43 3 1 4 57 38 . 16 16 Haulers Intercepted 8 | . 2 4 . . 1 . . . . . . . . . . 1 . . . . Recyclers Shooed 8 | . 1 2 . 1 . . . . . . 1 . . . . . 1 . 2 . Parts Field Recycled . | . . . . . . . . . . . . . . . . . . . . . Retrieved Matter . | . . . . . . . . . . . . . . . . . . . . . Parts Self-Destructed . | . . . . . . . . . . . . . . . . . . . . . Prevented . | . . . . . . . . . . . . . . . . . . . . . Kills | -11 -10 -9 -9 -8 -8 -8 -7 -7 -7 -7 -6 -6 -6 -6 -6 -6 -5 -5 -5 -5 ------- Run | Yrd Mat Mat Min Mat Sto Gar Fac Gar Fac Gar Fac Gar Ext Cet Arc Hub Fac Was Fac Gar Combat Hostiles Destroyed 221 | . 17 18 1 19 20 20 16 14 9 9 9 17 . 1 1 22 11 . 10 7 Melee 12 | . . . . . . . . 2 1 1 . . . . . 1 3 . 4 . Guns 132 | . 16 14 1 14 15 17 8 8 5 1 4 8 . . 1 6 8 . 5 1 Cannons 35 | . . 4 . . . 1 8 4 3 3 5 1 . . . . . . . 6 AOE 40 | . 1 . . 5 4 2 . . . 4 . 8 . . . 15 . . 1 . Classes Destroyed 21 | 2 5 2 1 . 2 1 3 . . . . 2 . . . 2 1 . . . Worker 7 | . 1 1 . . . . 2 . . . . . . . . 3 . . . . Builder 5 | . . . . . 1 . 1 . . . 1 . . . . 2 . . . . Tunneler 12 | 7 . 1 2 1 . . . . . . 1 . . . . . . . . . Hauler 8 | . 2 4 . . 1 . . . . . . . . . . 1 . . . . Recycler 9 | 1 1 1 . . . . 2 . . . . . 1 . . 2 . . 1 . Mechanic 1 | . . . . . . . . . . . . . . . . 1 . . . . Operator 3 | . . . . . . . 1 . . . . . . . . 2 . . . . Watcher 11 | . 1 4 . 2 1 . 1 . . . . . . . . 1 1 . . . Swarmer 57 | . 6 6 . 12 . 7 4 5 2 . . 8 . . . . . . 7 . Cutter 4 | . . . . . . . . . . . . 3 . . . 1 . . . . Saboteur 1 | . . . . . . . . . . . . . . . . . 1 . . . Grunt 77 | . 11 4 . 2 13 6 3 5 1 6 5 2 . . . 10 6 . 1 2 Brawler 10 | . . 1 . . 1 3 . . . . 1 . . . . 4 . . . . Duelist 2 | . . . . . . 1 . . . . . . . . . 1 . . . . Protector 1 | . . . . . . . . . . . . . . . . 1 . . . . Sentry 37 | . . 7 . 5 5 3 3 1 3 2 . 1 . . 1 2 2 . . 2 Demolisher 2 | . . . 1 . . . . . . . . . . . . 1 . . . . Specialist 2 | . . . . . . . 1 . . . . . . . . 1 . . . . Hunter 5 | . . . . . 1 . . . . 1 2 1 . . . . . . . . Programmer 19 | . . . . . . . 5 3 3 . 1 . . . . . 2 . 2 3 Behemoth 2 | . . . . . . . . . . . . 2 . . . . . . . . Cetus Guard 1 | . . . . . . . . . . . . . . 1 . . . . . . Enhanced Grunt 3 | . . . . . . . . . . . . . . . . 3 . . . . Lightning 2 | . . . . . . . . . . . . . . . . 2 . . . . Savage 1 | . . . . . . . . . . . . . . . . 1 . . . . Best Kill Streak 19 | 2 7 6 1 6 6 4 3 4 2 7 3 8 1 1 1 19 6 . 4 3 Combat Bots Only 16 | . 6 6 1 5 5 4 3 4 2 7 3 8 . 1 1 16 6 . 4 3 Max Kills in Single Turn 6 | 1 2 1 1 3 2 2 1 1 1 3 1 3 1 1 1 6 1 . 2 1 Gunslinging 1 | . . . . . 1 1 . . . . . . . . . . . . . . Exploded 3 | . 1 . . 3 2 2 . . . 3 . 3 . . . 3 . . 1 . Melee 1 | . . . . . . . . 1 1 1 . . . . . 1 1 . 1 . Uniques/NPCs Destroyed . | . . . . . . . . . . . . . . . . . . . . . Combat | -11 -10 -9 -9 -8 -8 -8 -7 -7 -7 -7 -6 -6 -6 -6 -6 -6 -5 -5 -5 -5 -------- Run | Yrd Mat Mat Min Mat Sto Gar Fac Gar Fac Gar Fac Gar Ext Cet Arc Hub Fac Was Fac Gar Hostile Shots Fired 2118 | . 97 92 17 53 136 110 206 212 140 146 105 210 45 6 3 187 135 1 83 134 Missed 662 | . 33 27 1 16 41 31 59 89 62 54 31 52 12 3 3 57 35 . 19 37 Damage Taken 22918 | . 800 717 624 328 1186 1025 2399 1198 755 769 1373 2914 619 102 . 3092 2092 46 1079 1800 Core 2776 | . 127 56 57 53 69 42 224 248 106 92 54 323 41 . . 267 504 . 295 218 Absorbed by Shields 1658 | . . 136 . 61 268 68 40 334 . 153 . 213 164 40 . . . . . 181 Reduced by Siege Mode 184 | . . . . . . . . . . . 19 . . . . 101 64 . . . Ignored by Resistances 74 | . . . . . . . . . . . 51 23 . . . . . . . . Regen/Repaired (Parts) 886 | . . 76 . . 270 . 147 . 65 . . . 8 . . . 320 . . . Core Remaining (%) 52 | 100 49 . 71 . . 70 . . . 4 . . . . . 19 . . . . Volleys Fired 924 | 13 78 90 8 32 60 77 50 64 47 35 46 87 59 10 10 52 40 . 23 43 Largest 2 | 2 2 2 2 2 2 2 2 2 2 2 2 2 2 1 2 2 1 . 2 2 Hottest 162 | 40 100 100 68 73 111 98 113 120 120 113 120 83 162 90 115 161 80 . 120 151 Shots Fired 1473 | 26 148 178 16 60 110 141 95 95 66 47 84 126 63 10 12 64 40 . 25 67 Gun 1024 | 26 140 159 16 60 107 138 45 48 22 9 32 83 8 1 5 38 40 . 24 23 Cannon 230 | . . 17 . . . 3 50 25 18 24 44 14 . 7 . . . . 1 27 Launcher 25 | . . . . . . . . . . 3 . 5 . 1 . 16 . . . . Special 194 | . 8 2 . . 3 . . 22 26 11 8 24 55 1 7 10 . . . 17 Kinetic 866 | 26 140 164 8 32 59 116 53 32 23 18 16 97 . 1 3 26 . . 24 28 Thermal 217 | . 8 2 . . 5 3 29 17 13 15 33 . 8 7 2 12 40 . 1 22 Explosive 25 | . . . . . . . . . . 3 . 5 . 1 . 16 . . . . Electromagnetic 184 | . . 12 8 28 46 22 13 24 4 . 27 . . . . . . . . . Robot Hit Streak 29 | 5 10 14 10 11 14 21 29 11 11 15 13 25 14 4 5 12 23 . 11 15 Robot Miss Streak 8 | 3 7 3 2 3 4 4 5 6 8 3 4 4 4 1 1 2 1 . 2 4 Penetration Max 1 | . . . . . . . . . . . . 1 . . 1 1 . . 1 1 Secondary Targets 16 | . 1 . . 2 2 7 2 . 1 . . 1 . . . . . . . . Max Gunslinging Chain 1 | . 1 . . 1 1 1 1 . 1 . . 1 . . . . . . . . Shots Hit Robots 1195 | 16 80 125 12 41 93 119 96 86 51 55 58 114 56 6 9 49 46 . 31 52 Core Hits 597 | 9 34 40 5 29 48 57 46 47 23 26 19 56 2 2 2 107 22 . 12 11 Critical Kills 9 | . 2 . . . . . . . . . . . . 1 . 2 . . 2 2 Critical Parts Destroyed 11 | 1 . 2 . . . 1 . . . . . . . . 1 1 . . . 5 Critical Strikes 34 | 1 2 2 . . . 1 4 3 . 1 . 1 1 1 1 3 1 . 5 7 Burn 3 | . . . . . . . 3 . . . . . . . . . . . . . Meltdown 1 | . . . . . . . . . . . . . . 1 . . . . . . Destroy 19 | 1 2 2 . . . 1 . . . . . . . . 1 3 . . 2 7 Blast 1 | . . . . . . . 1 . . . . . . . . . . . . . Sever 5 | . . . . . . . . 3 . 1 . 1 . . . . . . . . Impale 5 | . . . . . . . . . . . . . 1 . . . 1 . 3 . Melee Attacks 201 | . . . . . 9 16 37 16 6 21 22 32 5 . . 5 10 . 20 2 Impact 23 | . . . . . 9 10 4 . . . . . . . . . . . . . Slashing 87 | . . . . . . . 12 16 6 21 22 10 . . . . . . . . Piercing 61 | . . . . . . . . . . . . 22 5 . . 5 7 . 20 2 Sneak Attacks 35 | . . . . . . 1 21 1 2 . 3 . 1 . . 2 2 . 2 . Combat Hostiles 7 | . . . . . . 1 3 1 2 . . . . . . . . . . . Follow-up Attacks . | . . . . . . . . . . . . . . . . . . . . . Damage Inflicted 32271 | 216 1425 1924 186 906 2340 2074 2090 1867 737 2042 1420 4150 333 339 153 6139 1423 . 1238 1269 Guns 13329 | 216 926 1624 186 689 1461 1418 722 771 258 99 425 1391 146 . 153 750 1094 . 556 444 Cannons 4496 | . . 300 . . . 50 1009 462 341 437 767 258 . 192 . . . . . 680 Explosions 8156 | . 477 . . 217 694 188 . . . 330 39 841 . 147 . 5109 . . 77 37 Melee 6261 | . . . . . 185 418 359 634 138 1169 189 1660 187 . . 280 329 . 605 108 Ramming 29 | . 22 . . . . . . . . 7 . . . . . . . . . . Kinetic 10520 | 216 926 1723 76 316 646 1072 1040 495 310 235 176 1649 . . 83 492 . . 556 509 Thermal 6001 | . 477 . . 217 474 238 553 372 254 301 663 . 146 192 70 258 1094 . 77 615 Explosive 5459 | . . . . . 260 . . . . 330 . 841 . 147 . 3881 . . . . Electromagnetic 4001 | . . 201 110 373 775 346 138 366 35 . 392 . . . . 1228 . . . 37 Impact 840 | . . . . . 185 418 237 . . . . . . . . . . . . . Slashing 2624 | . . . . . . . 122 634 138 1169 189 372 . . . . . . . . Piercing 2797 | . . . . . . . . . . . . 1288 187 . . 280 329 . 605 108 Highest Corruption 26 | . . . . . . 2 6 13 15 15 1 6 11 11 11 25 5 15 21 26 Average Corruption 8 | . . . . . . 2 2 8 13 15 1 4 6 11 11 12 4 12 15 25 Corruption Purged . | . . . . . . . . . . . . . . . . . . . . . Corruption Blocked . | . . . . . . . . . . . . . . . . . . . . . Effects 358 | . . . . . . 7 16 29 62 29 3 45 38 15 7 32 6 3 28 38 Message Errors 103 | . . . . . . 1 6 6 21 7 2 20 8 4 1 8 2 . 5 12 Matter Fused 81 | . . . . . . . 2 6 12 7 . 9 11 5 2 5 1 . 10 11 Heat Flow Errors 32 | . . . . . . 3 3 5 6 4 . 1 2 1 1 3 . . 2 1 Energy Discharges 38 | . . . . . . 2 1 3 5 6 . 4 4 2 . 4 . 1 4 2 Parts Rejected 8 | . . . . . . . . . 1 1 . . 2 1 . . 1 . 2 . Parts Fused 3 | . . . . . . . . . 1 . . . 1 . . 1 . . . . Data Loss (minor) 36 | . . . . . . . 2 4 4 2 . 5 3 1 . 4 1 1 3 6 Data Loss (major) 18 | . . . . . . 1 . 2 5 . . 1 4 . 1 1 1 . . 2 Misfires 11 | . . . . . . . . 1 2 . 1 2 2 . . 2 . . . 1 Alerts 12 | . . . . . . . 1 . 1 . . 3 . 1 . 2 . 1 2 1 Misdirections 4 | . . . . . . . . 1 1 . . . . . 1 . . . . 1 Weapon Failures 12 | . . . . . . . 1 1 3 2 . . 1 . 1 2 . . . 1 Overload Shots . | . . . . . . . . . . . . . . . . . . . . . Overflow Damage 1199 | . 234 . . . 67 82 190 31 48 12 81 47 23 . . 112 62 . 187 23 Projectiles 60 | . . . . . . . 47 5 . . 6 . . . . . . . . 2 Explosions 419 | . 234 . . . 60 7 . . . . 8 24 . . . 66 . . . 20 Melee 720 | . . . . . 7 75 143 26 48 12 67 23 23 . . 46 62 . 187 1 Knockbacks 12 | . . . . . . . 8 1 1 1 1 . . . . . . . . . Impact 1 | . . . . . . . 1 . . . . . . . . . . . . . Kinetic 11 | . . . . . . . 7 1 1 1 1 . . . . . . . . . Secondary . | . . . . . . . . . . . . . . . . . . . . . Self-Inflicted Damage 455 | . 135 . . . . . . . . 3 40 91 . . . 152 . . . 34 Shots 8 | . 2 . . . . . . . . . 1 2 . . . 2 . . . 1 Rammed 2 | . 1 . . . . . . . . 1 . . . . . . . . . . Targets Rammed 4 | . 3 . . . . . . . . 1 . . . . . . . . . . Kicked 2 | . 2 . . . . . . . . . . . . . . . . . . . Crushed . | . . . . . . . . . . . . . . . . . . . . . Highest Temperature 270 | . 60 194 108 60 148 254 247 179 231 189 25 270 247 188 124 267 70 . 145 133 Average Temperature 43 | . 16 33 43 20 25 30 37 52 98 61 13 86 84 64 43 84 25 . 54 33 Received Heat Transfer 5589 | . 321 282 . 63 608 496 235 162 126 228 490 646 67 21 . 589 739 . 126 390 Effects 2 | . . . . . . . 1 . 1 . . . . . . . . . . . Energy Bleed 1 | . . . . . . . 1 . . . . . . . . . . . . . Interference 1 | . . . . . . . . . 1 . . . . . . . . . . . Siege Activations 7 | . . . . . . . . . . . 1 . 1 2 . 2 1 . . . Total Turns 109 | . . . . . . . . . . . 41 . 5 8 . 34 21 . . . Longest Duration 41 | . . . . . . . . . . . 41 . 5 6 . 33 21 . . . Robots Corrupted 6 | . . . . . 1 1 1 . . . . . . . . 3 . . . . Combat Hostiles 1 | . . . . . 1 . . . . . . . . . . . . . . . Parts Fried 11 | . . 2 . . 2 . 1 . . . 1 . . . . 5 . . . . Impact Corruptions 9 | . . . . . 1 3 5 . . . . . . . . . . . . . Robots Melted 1 | . . . . . . . . . . . . . . 1 . . . . . . Combat Hostiles 1 | . . . . . . . . . . . . . . 1 . . . . . . Parts Melted 9 | . . . . . . . 1 . . . . 2 . 2 . . 4 . . . Heat Transferred 6601 | . 250 . . 200 474 324 1036 404 333 350 901 . 203 300 74 370 1332 . 50 . Parts Sabotaged 7 | . . . . . . . . . . . . 5 . . . 2 . . . . Parts Stolen . | . . . . . . . . . . . . . . . . . . . . . Parts Stripped . | . . . . . . . . . . . . . . . . . . . . . Power Chain Reactions 12 | . . . . 2 4 4 . . . . 1 . . . . . . . . 1 Alert | -11 -10 -9 -9 -8 -8 -8 -7 -7 -7 -7 -6 -6 -6 -6 -6 -6 -5 -5 -5 -5 ------- Run | Yrd Mat Mat Min Mat Sto Gar Fac Gar Fac Gar Fac Gar Ext Cet Arc Hub Fac Was Fac Gar Peak Influence 2307 | 40 452 324 141 359 795 1468 847 771 479 358 242 1208 837 627 365 2307 1230 425 638 830 Initial 1117 | . 26 161 126 35 151 504 770 309 404 100 187 . 634 396 250 31 1117 410 290 446 Average 473 | 21 276 137 130 171 520 988 644 566 172 214 127 559 585 488 186 995 1129 417 369 680 Maximum Alert Level 5 | . 2 1 . 1 3 4 3 3 2 1 1 4 3 2 1 5 4 2 2 3 Low Security (%) 29 | 100 21 74 100 53 11 . . . 71 58 89 5 . . 54 5 . . 3 . Level 1 19 | . 75 25 . 46 15 . 4 11 6 41 10 18 23 7 45 1 . . 84 . Level 2 28 | . 2 . . . 48 12 64 75 21 . . 55 48 92 . 32 . 100 12 36 Level 3 15 | . . . . . 24 53 31 12 . . . 15 28 . . 20 10 . . 63 Level 4 7 | . . . . . . 33 . . . . . 4 . . . 29 89 . . . Level 5 . | . . . . . . . . . . . . . . . . 5 . . . . High Security . | . . . . . . . . . . . . . . . . 5 . . . . Max Security . | . . . . . . . . . . . . . . . . . . . . . Squads Dispatched 42 | . 4 2 . 1 3 . 7 . 5 . 1 . 1 1 . 12 4 . 1 . Investigation 7 | . 2 1 . . 1 . 1 . . . . . . 1 . 1 . . . . Extermination 10 | . . . . . . . 4 . 3 . 1 . . . . . 1 . 1 . Reinforcement 15 | . 2 1 . 1 1 . 2 . 2 . . . . . . 5 1 . . . Assault 8 | . . . . . . . . . . . . . 1 . . 6 1 . . . Garrison 2 | . . . . . 1 . . . . . . . . . . . 1 . . . Intercept . | . . . . . . . . . . . . . . . . . . . . . Searches Triggered . | . . . . . . . . . . . . . . . . . . . . . Construction Impeded 1 | . . . . . . . . . . . . . . . . 1 . . . . Haulers Reinforced . | . . . . . . . . . . . . . . . . . . . . . Active Scanning Responses . | . . . . . . . . . . . . . . . . . . . . . Cargo Convoy Interrupts . | . . . . . . . . . . . . . . . . . . . . . Stealth | -11 -10 -9 -9 -8 -8 -8 -7 -7 -7 -7 -6 -6 -6 -6 -6 -6 -5 -5 -5 -5 --------- Run | Yrd Mat Mat Min Mat Sto Gar Fac Gar Fac Gar Fac Gar Ext Cet Arc Hub Fac Was Fac Gar Distress Signals 15 | . 1 1 . 2 2 . . . . . 1 . 3 1 . 2 2 . . . Communications Jammed . | . . . . . . . . . . . . . . . . . . . . . Distress Signals . | . . . . . . . . . . . . . . . . . . . . . Times Spotted 500 | . 33 30 2 28 30 23 29 30 30 23 13 42 32 8 4 67 26 6 16 28 Peak Tracking Total 17 | . 7 4 2 7 7 4 4 9 4 7 5 7 5 5 2 17 7 6 4 7 Tactical Retreats 22 | . 2 2 . 1 1 . 2 1 . 1 1 2 . . . 2 2 . 1 4 Traps | -11 -10 -9 -9 -8 -8 -8 -7 -7 -7 -7 -6 -6 -6 -6 -6 -6 -5 -5 -5 -5 ------- Run | Yrd Mat Mat Min Mat Sto Gar Fac Gar Fac Gar Fac Gar Ext Cet Arc Hub Fac Was Fac Gar Traps Triggered 39 | . 2 2 . . 1 11 4 5 . 2 1 7 . . . 1 1 . 1 1 Indirectly 1 | . . . . . . . . . . . . . . . . 1 . . . . Trap Hack Attempts 94 | . 10 79 . . . . . . . . . . . . . 1 4 . . . Triggered . | . . . . . . . . . . . . . . . . . . . . . Disarmed 2 | . 1 . . . . . . . . . . . . . . . 1 . . . Reprogrammed 5 | . . 4 . . . . . . . . . . . . . 1 . . . . Reused 1 | . . 1 . . . . . . . . . . . . . . . . . . Traps Extracted . | . . . . . . . . . . . . . . . . . . . . . Installed . | . . . . . . . . . . . . . . . . . . . . . Triggered 1 | . . 1 . . . . . . . . . . . . . . . . . . Machines | -11 -10 -9 -9 -8 -8 -8 -7 -7 -7 -7 -6 -6 -6 -6 -6 -6 -5 -5 -5 -5 ---------- Run | Yrd Mat Mat Min Mat Sto Gar Fac Gar Fac Gar Fac Gar Ext Cet Arc Hub Fac Was Fac Gar Machines Disabled 74 | . 4 . . 1 7 5 . 3 1 1 2 9 3 1 1 16 . . 18 2 Max in Single Turn 17 | . 3 . . 1 2 1 . 1 1 1 1 1 1 . . 12 . . 17 1 Garrison Access 4 | . . . . . . . 1 . . . 1 . . . . 1 1 . . . Garrison Relay 17 | . . . . . . 5 . 3 . 1 . 6 . . . . . . . 2 Network Hub 1 | . . . . . . . . . . . . . . . . 1 . . . . Machines Repaired . | . . . . . . . . . . . . . . . . . . . . . Machines Dismantled . | . . . . . . . . . . . . . . . . . . . . . Machines Sabotaged . | . . . . . . . . . . . . . . . . . . . . . Overloaded Fab Kills . | . . . . . . . . . . . . . . . . . . . . . Hacking | -11 -10 -9 -9 -8 -8 -8 -7 -7 -7 -7 -6 -6 -6 -6 -6 -6 -5 -5 -5 -5 --------- Run | Yrd Mat Mat Min Mat Sto Gar Fac Gar Fac Gar Fac Gar Ext Cet Arc Hub Fac Was Fac Gar Machines Accessed 70 | . 5 9 1 4 4 1 8 2 11 1 5 2 11 2 . 2 1 . 1 . Terminals 53 | . 5 8 1 4 2 1 4 2 7 1 2 2 11 2 . 1 . . . . Fabricators 4 | . . . . . . . 1 . 2 . 1 . . . . . . . . . Repair Stations 4 | . . 1 . . 1 . 1 . 1 . . . . . . . . . . . Recycling Units . | . . . . . . . . . . . . . . . . . . . . . Scanalyzers . | . . . . . . . . . . . . . . . . . . . . . Garrison Access 9 | . . . . . 1 . 2 . 1 . 2 . . . . 1 1 . 1 . Total Hacks 177 | . 10 27 3 13 12 3 15 5 31 2 10 2 32 7 . 3 1 . 1 . Successful 97 | . 4 17 1 9 7 1 10 . 17 2 4 1 18 1 . 3 1 . 1 . Failed 80 | . 6 10 2 4 5 2 5 5 14 . 6 1 14 6 . . . . . . Catastrophic 12 | . 1 . 1 . 1 . 1 2 2 . 1 . 1 2 . . . . . . Database Lockouts . | . . . . . . . . . . . . . . . . . . . . . Manual 93 | . 9 15 2 8 8 1 9 2 16 1 6 1 12 1 . 2 . . . . Terminals 149 | . 10 25 3 13 9 3 8 5 23 2 5 2 32 7 . 2 . . . . Fabricators 11 | . . . . . . . 3 . 5 . 3 . . . . . . . . . Repair Stations 8 | . . 2 . . 2 . 2 . 2 . . . . . . . . . . . Recycling Units . | . . . . . . . . . . . . . . . . . . . . . Scanalyzers . | . . . . . . . . . . . . . . . . . . . . . Garrison Access 9 | . . . . . 1 . 2 . 1 . 2 . . . . 1 1 . 1 . Terminal Hacks 36 | . 1 7 1 4 2 . 1 . 4 1 . 1 13 1 . . . . . . Robot Schematic 1 | . . . . . . . 1 . . . . . . . . . . . . . Robot Analysis 3 | . 1 1 . . . . . . 1 . . . . . . . . . . . Prototype ID Bank 5 | . . 2 . . . . . . . . . . 3 . . . . . . . Open Door 5 | . . . . . . . . . . . . . 4 1 . . . . . . Branch Access Points 3 | . . 1 . 1 . . . . 1 . . . . . . . . . . . Emergency Access Points 1 | . . . . . . . . . . 1 . . . . . . . . . . Unreport Threat 5 | . . . . 1 . . . . . . . . 4 . . . . . . . Locate Traps 3 | . . 1 . 1 1 . . . . . . . . . . . . . . . Security Status 1 | . . . . . . . . . 1 . . . . . . . . . . . Hauler Manifests 2 | . . 1 . 1 . . . . . . . . . . . . . . . . Zone Layout 6 | . . 1 1 . 1 . . . 1 . . . 2 . . . . . . . Security Stations 1 | . . . . . . . . . . . . 1 . . . . . . . . Fabricator Hacks 4 | . . . . . . . 1 . 2 . 1 . . . . . . . . . Network Status 4 | . . . . . . . 1 . 2 . 1 . . . . . . . . . Repair Station Hacks 8 | . . 2 . . 2 . 2 . 2 . . . . . . . . . . . Scan Component 4 | . . 1 . . 1 . 1 . 1 . . . . . . . . . . . Repair 4 | . . 1 . . 1 . 1 . 1 . . . . . . . . . . . Recycling Unit Hacks . | . . . . . . . . . . . . . . . . . . . . . Scanalyzer . | . . . . . . . . . . . . . . . . . . . . . Garrison Access Hacks 9 | . . . . . 1 . 2 . 1 . 2 . . . . 1 1 . 1 . Unlock Access 6 | . . . . . 1 . 1 . 1 . 1 . . . . 1 . . 1 . Seal Access 3 | . . . . . . . 1 . . . 1 . . . . . 1 . . . Unauthorized Hacks 40 | . 3 8 . 5 2 1 4 . 8 1 1 . 5 . . 2 . . . . Terminals 38 | . 3 8 . 5 2 1 3 . 7 1 1 . 5 . . 2 . . . . Track 3 | . . 1 . . 1 . . . . . . . 1 . . . . . . . Assimilate 1 | . . . . . . . 1 . . . . . . . . . . . . . Botnet 17 | . 2 2 . 2 1 1 2 . 2 1 1 . 2 . . 1 . . . . Detonate 1 | . . . . . . . . . . . . . . . . 1 . . . . Operators 2 | . . . . . . . . . . . . . 2 . . . . . . . Skim 14 | . 1 5 . 3 . . . . 5 . . . . . . . . . . . Fabricators 2 | . . . . . . . 1 . 1 . . . . . . . . . . . Haulers 2 | . . . . . . . 1 . 1 . . . . . . . . . . . Repair Stations . | . . . . . . . . . . . . . . . . . . . . . Recycling Units . | . . . . . . . . . . . . . . . . . . . . . Scanalyzers . | . . . . . . . . . . . . . . . . . . . . . Garrison Access . | . . . . . . . . . . . . . . . . . . . . . Data Cores Recovered 1 | . . . . . . . 1 . . . . . . . . . . . . . Used . | . . . . . . . . . . . . . . . . . . . . . Hacking Detections 55 | . 5 7 1 4 2 1 6 2 8 1 3 2 8 3 . 1 . . 1 . Full Trace Events 2 | . . . . . . . . 1 . . . . . 1 . . . . . . Feedback Events 1 | . . . . . . . . 1 . . . . . . . . . . . . Corruption 1 | . . . . . . . . 1 . . . . . . . . . . . . Feedback Blocked . | . . . . . . . . . . . . . . . . . . . . . Robot Schematics Acquired 1 | . . . . . . . 1 . . . . . . . . . . . . . Robots Built . | . . . . . . . . . . . . . . . . . . . . . Authchips . | . . . . . . . . . . . . . . . . . . . . . Time . | . . . . . . . . . . . . . . . . . . . . . Total Robot Build Rating . | . . . . . . . . . . . . . . . . . . . . . Part Schematics Acquired . | . . . . . . . . . . . . . . . . . . . . . Parts Built . | . . . . . . . . . . . . . . . . . . . . . Authchips . | . . . . . . . . . . . . . . . . . . . . . Time . | . . . . . . . . . . . . . . . . . . . . . Total Part Build Rating . | . . . . . . . . . . . . . . . . . . . . . Parts Repaired 4 | . . 1 . . 1 . 1 . 1 . . . . . . . . . . . Time 158 | . . 32 . . 38 . 44 . 44 . . . . . . . . . . . Parts Recycled . | . . . . . . . . . . . . . . . . . . . . . Recycled Matter . | . . . . . . . . . . . . . . . . . . . . . Retrieved Matter . | . . . . . . . . . . . . . . . . . . . . . Retrieved Components . | . . . . . . . . . . . . . . . . . . . . . Parts Scanalyzed . | . . . . . . . . . . . . . . . . . . . . . Part Schematics Acquired . | . . . . . . . . . . . . . . . . . . . . . Parts Damaged . | . . . . . . . . . . . . . . . . . . . . . Bothacking | -11 -10 -9 -9 -8 -8 -8 -7 -7 -7 -7 -6 -6 -6 -6 -6 -6 -5 -5 -5 -5 ------------ Run | Yrd Mat Mat Min Mat Sto Gar Fac Gar Fac Gar Fac Gar Ext Cet Arc Hub Fac Was Fac Gar Used RIF Installer 4 | . . . . . . 1 . 1 . 1 . 1 . . . . . . . . Code Merge 1 | . . . . . . . . . . . . 1 . . . . . . . . Robot Detection 1 | . . . . . . . . . . 1 . . . . . . . . . . Structural Interface 1 | . . . . . . . . 1 . . . . . . . . . . . . Robots Hacked 89 | . . . . . . 2 7 12 12 8 3 12 18 1 2 3 2 . . 7 Non-combat 23 | . . . . . . . 5 . 5 . 3 . 4 . 2 3 1 . . . Combat 66 | . . . . . . 2 2 12 7 8 . 12 14 1 . . 1 . . 7 Robot Hacks Applied 117 | . . . . . . 3 17 14 16 9 5 13 19 1 5 4 3 . . 8 parse_system 12 | . . . . . . . . 1 . 1 . 1 7 1 1 . . . . . no_distress 5 | . . . . . . . 3 . . . 1 . . . . 1 . . . . generate_echo 1 | . . . . . . . . . . . 1 . . . . . . . . . find_chute 1 | . . . . . . . 1 . . . . . . . . . . . . . deconstruct_machine 1 | . . . . . . . . . . . . . . . . 1 . . . . find_fabricator 2 | . . . . . . . 1 . . . 1 . . . . . . . . . drop_inventory 7 | . . . . . . . 1 . 1 . 2 . 2 . . 1 . . . . locate_stockpiles 1 | . . . . . . . 1 . . . . . . . . . . . . . find_recycling 1 | . . . . . . . 1 . . . . . . . . . . . . . ignore_parts 1 | . . . . . . . 1 . . . . . . . . . . . . . find_station 1 | . . . . . . . . . . . . . . . . . 1 . . . purge_threat 7 | . . . . . . . 2 . 3 . . . . . 2 . . . . . map_route 2 | . . . . . . . . . 2 . . . . . . . . . . . mark_security 1 | . . . . . . . . . 1 . . . . . . . . . . . find_shortcuts 1 | . . . . . . . . 1 . . . . . . . . . . . . find_garrison 1 | . . . . . . . 1 . . . . . . . . . . . . . show_paths 1 | . . . . . . . . 1 . . . . . . . . . . . . overload_power 1 | . . . . . . . . . . . . . 1 . . . . . . . amplify_resonance 14 | . . . . . . . . 3 3 1 . 3 1 . . . . . . 3 disable_weapons 1 | . . . . . . . . . . . . . . . . . . . . 1 go_dormant 3 | . . . . . . 1 . 1 . . . . 1 . . . . . . . overwrite_iff 16 | . . . . . . . 1 3 1 5 . 2 1 . . . . . . 3 streamctrl_high 2 | . . . . . . . . . . . . 2 . . . . . . . . formatsys_low 9 | . . . . . . . 2 . 2 . . . 1 . 2 1 1 . . . formatsys_high 25 | . . . . . . 2 2 4 3 2 . 5 5 . . . 1 . . 1 Relay Couplers Released 70 | . . . . . . 19 . 11 . 5 . 25 . . . 3 . . . 7 Machine Destruction 70 | . . . . . . 19 . 11 . 5 . 25 . . . 3 . . . 7 Attached 36 | . . . . . . 2 4 4 5 2 2 7 1 . 2 2 2 . . 3 Merged Code Value 75 | . . . . . . . . . . . . 66 . . . . . . . 9 Fabnet Peak Effective % . | . . . . . . . . . . . . . . . . . . . . . Robots Rewired 17 | . . . . . . . . . . . . 3 14 . . . . . . . Allies Hacked 1 | . . . . . . . 1 . . . . . . . . . . . . . Hacks Repelled . | . . . . . . . . . . . . . . . . . . . . . Allies | -11 -10 -9 -9 -8 -8 -8 -7 -7 -7 -7 -6 -6 -6 -6 -6 -6 -5 -5 -5 -5 -------- Run | Yrd Mat Mat Min Mat Sto Gar Fac Gar Fac Gar Fac Gar Ext Cet Arc Hub Fac Was Fac Gar Total Allies 79 | . . . 2 . . 2 4 7 6 7 . 12 25 5 2 1 2 . . 4 Largest Group 22 | . . . 2 . . 2 3 2 4 4 . 6 22 19 19 16 2 . . 2 Highest-Rated Group 1041 | . . . 45 . . 32 34 32 89 85 . 248 786 1041 1041 875 72 . . 85 Highest-Rated Ally 159 | . . . 31 . . 16 32 16 26 29 . 119 159 159 152 119 49 . . 85 Total Orders 15 | . . . . . . . 3 . 3 1 . . 1 . . 6 1 . . . STAY 7 | . . . . . . . 2 . 2 1 . . . . . 2 . . . . FOLLOW 5 | . . . . . . . 1 . 1 . . . . . . 3 . . . . AID 3 | . . . . . . . . . . . . . 1 . . 1 1 . . . Ally Attacks 536 | . . . 3 . . 10 22 33 18 24 . 44 159 51 28 119 6 . . 19 Total Damage 14057 | . . . 42 . . 152 360 389 253 268 . 1582 4091 1465 726 4244 142 . . 343 Kills 103 | . . . . . . 2 3 4 5 3 . 11 33 7 4 27 1 . . 3 Allies Corrupted 3 | . . . . . . . . . . . . . . . . 3 . . . . Allies Melted 2 | . . . . . . . . . . 1 . 1 . . . . . . . . Intel | -11 -10 -9 -9 -8 -8 -8 -7 -7 -7 -7 -6 -6 -6 -6 -6 -6 -5 -5 -5 -5 ------- Run | Yrd Mat Mat Min Mat Sto Gar Fac Gar Fac Gar Fac Gar Ext Cet Arc Hub Fac Was Fac Gar Robot Analysis Total 3 | . 1 1 . . . . . . 1 . . . . . . . . . . . Derelict Logs Recovered 1 | . . . 1 . . . . . . . . . . . . . . . . . Drone Launches . | . . . . . . . . . . . . . . . . . . . . . Drone Recoveries . | . . . . . . . . . . . . . . . . . . . . . Exploration | -11 -10 -9 -9 -8 -8 -8 -7 -7 -7 -7 -6 -6 -6 -6 -6 -6 -5 -5 -5 -5 ------------- Run | Yrd Mat Mat Min Mat Sto Gar Fac Gar Fac Gar Fac Gar Ext Cet Arc Hub Fac Was Fac Gar Turns Passed 20485 | 299 1130 2344 383 788 502 1814 2080 1012 1487 628 1250 2172 1287 389 122 804 566 56 694 678 Spaces Moved 10346 | 157 540 1176 237 444 196 809 1285 510 1054 294 492 916 698 163 51 357 284 94 288 301 Core 16 | 6 . . . . . . . . . . . 8 . . . . 1 . 1 . Treads 4326 | 151 255 1064 237 397 . . . . . . 251 366 698 163 51 342 2 . 48 301 Legs 456 | . 97 110 . . . . . . . . . 249 . . . . . . . . Wheels 5163 | . 188 2 . 47 196 809 1285 510 1054 294 241 293 . . . 15 137 . 92 . Hover 321 | . . . . . . . . . . . . . . . . . 144 94 83 . Flight 64 | . . . . . . . . . . . . . . . . . . . 64 . Fastest Speed 50 | 50 95 120 145 120 120 135 108 108 115 115 160 145 160 160 160 160 52 52 52 160 Average Speed 154 | 155 146 152 145 146 133 177 135 142 120 148 200 191 160 160 160 161 140 53 182 167 Slowest Speed 1550 | 160 260 190 145 153 135 225 160 225 145 160 240 1550 160 160 160 210 1450 56 435 240 Overloaded Moves . | . . . . . . . . . . . . . . . . . . . . . Propulsion Burnouts . | . . . . . . . . . . . . . . . . . . . . . Robots Hopped . | . . . . . . . . . . . . . . . . . . . . . Cave-ins Triggered 1 | . . . . . . . 1 . . . . . . . . . . . . . Exploration Rate (%) 51 | 6 96 84 54 37 39 75 36 65 32 42 15 90 87 72 72 43 7 72 10 48 Regions Visited 20 Branch Regions 6 Pre-discovered Areas 3 | . . 2 1 . . . . . . . . . . . . . . . . . Known Exits Taken 8 | . . 1 1 1 1 . 1 . 1 . 1 . . . . . . . 1 . Unknown Exits Taken 6 | 1 1 . . . . . . . . . . . 1 1 1 1 . . . . Scrap Searched 1 | . . . 1 . . . . . . . . . . . . . . . . . Spaces Dug 106 | . 7 2 . . 2 . 11 . 4 . 15 45 . 18 . . 1 . 1 . Terrain Destroyed 560 | . 63 2 . 5 63 . 16 . 5 19 26 48 . 19 . 257 3 . 28 6 Melee 35 | . . . . . . . 11 . 4 . 15 4 . . . . . . 1 . Projectile 56 | . 8 2 . . 2 . 5 . 1 . 6 3 . 1 . 19 3 . . 6 AOE 469 | . 55 . . 5 61 . . . . 19 5 41 . 18 . 238 . . 27 . Terrain Rammed . | . . . . . . . . . . . . . . . . . . . . . Walls Destroyed . | . . . . . . . . . . . . . . . . . . . . . Machines Disabled . | . . . . . . . . . . . . . . . . . . . . . Actions | -11 -10 -9 -9 -8 -8 -8 -7 -7 -7 -7 -6 -6 -6 -6 -6 -6 -5 -5 -5 -5 --------- Run | Yrd Mat Mat Min Mat Sto Gar Fac Gar Fac Gar Fac Gar Ext Cet Arc Hub Fac Was Fac Gar Total 13164 | 182 717 1556 261 517 304 1046 1492 684 1205 406 640 1157 823 279 82 508 402 98 393 412 Wait 571 | . 34 113 5 10 2 16 23 2 27 19 44 11 33 86 15 56 11 . 32 32 Move 10332 | 156 540 1175 236 443 196 808 1285 509 1053 293 492 915 697 162 50 356 284 93 288 301 Hop . | . . . . . . . . . . . . . . . . . . . . . Pick Up 217 | 6 17 22 3 10 10 14 19 21 13 1 10 21 7 1 2 4 15 3 10 8 Fast Attach 104 | 7 2 5 . 2 3 1 5 4 7 5 4 23 2 6 . 1 10 1 10 6 Attach 122 | . 3 7 3 3 3 10 15 12 4 4 8 15 1 3 . 10 15 . 3 3 Detach 16 | . 2 2 . 1 . 2 1 . . 2 . 2 . 2 . 1 . . . 1 Swap 247 | . 18 35 3 10 12 8 27 14 29 11 9 25 12 5 3 17 1 . 3 5 Drop 177 | . 11 28 3 6 9 5 17 10 19 6 5 14 6 4 2 5 11 1 4 11 Fire 924 | 13 78 90 8 32 60 77 50 64 47 35 46 87 59 10 10 52 40 . 23 43 Melee 201 | . . . . . 9 16 37 16 6 21 22 32 5 . . 5 10 . 20 2 Ram 1 | . . . . . . . . . . 1 . . . . . . . . . . Kick 2 | . 2 . . . . . . . . . . . . . . . . . . . Crush . | . . . . . . . . . . . . . . . . . . . . . Escape Stasis 148 | . . . . . . 88 8 32 . 8 . 12 . . . . . . . . Rewire 8 | . . . . . . 1 5 . . . . . 1 . . . 1 . . . Trap 94 | . 10 79 . . . . . . . . . . . . . 1 4 . . . Miscellaneous . | . . . . . . . . . . . . . . . . . . . . . Route ------- -11/Scrapyard -10/Materials (discovered 5 exits: *Mat x3 / [*Min x2]) -9/Materials (discovered 5 exits: *Mat x3 / *Min x2) -9/Mines (discovered 3 exits: *Mat x2 / [*Zio]) -8/Materials (discovered 2 exits: *Fac / *Sto) -8/Storage -8/Garrison (discovered 3 exits: *Fac x3) -7/Factory (discovered 6 exits: *Fac x4 / *Low / Gar) -7/Garrison (discovered 2 exits: *Fac x2) -7/Factory (discovered 6 exits: *Fac x3 / Low x2 / Gar) -7/Garrison -6/Factory -6/Garrison (discovered 2 exits: *Ext x2) -6/Extension (discovered 2 exits: *Fac / *Cet) -6/Cetus -6/Archives -6/Hub_04(d) (discovered 2 exits: *Fac x2) -5/Factory -5/Waste -5/Factory -5/Garrison History --------- Turn | Location | Event 6 | -11/Scrapyard | Discovered new exit (range 15) 300 | -11/Scrapyard | Entered Materials 301 | -10/Materials | Build established: Mutant 798 | -10/Materials | Discovered new exit (range 13) 946 | -10/Materials | Discovered new exit (range 13) 1021 | -10/Materials | Discovered new exit (range 5) 1049 | -10/Materials | Discovered new exit (range 14) 1399 | -10/Materials | Discovered new exit (range 15) 1430 | -10/Materials | Core integrity fell below 50% 1430 | -10/Materials | Entered another Materials area 1430 | -9/Materials | Evolved 2 slots: Propulsion x1, Utility x1 1724 | -9/Materials | Build established: Scavenger-Mutant 1788 | -9/Materials | Identified exit to Mines 2034 | -9/Materials | Discovered new exit (range 4) 2359 | -9/Materials | Build established: Mutant 2687 | -9/Materials | Discovered new exit (range 3) 2890 | -9/Materials | Identified exit to Materials 2930 | -9/Materials | Learned location of 1 exit from Recycling 2958 | -9/Materials | Learned 2 Storage zone layouts 2986 | -9/Materials | Learned location of Zion (-7) 3011 | -9/Materials | Learned 4 Recycling zone layouts 3041 | -9/Materials | Learned location of Recycling (-8) 3451 | -9/Materials | Repaired Hvy. Assault Rifle? 3774 | -9/Materials | Entered Mines 3789 | -9/Mines | Met a Derelict bent on vengeance 3894 | -9/Mines | Joined a pair of Derelicts in attacking an 0b10 outpost 3953 | -9/Mines | A Derelict revealed a hidden shortcut to a safe place 4031 | -9/Mines | Discovered exit to Materials (range 8) 4090 | -9/Mines | Assembled infested the area 4152 | -9/Mines | Lost 3 parts (1p1n1u) 4157 | -9/Mines | Entered Materials 4157 | -8/Materials | Evolved 2 slots: Utility x2 4555 | -8/Materials | Discovered new exit (range 15) 4876 | -8/Materials | Identified exit to Storage 4945 | -8/Materials | Entered Storage 5363 | -8/Storage | Garrison activated, responded to threat 5390 | -8/Storage | Repaired Hvy. Armor Plating 5447 | -8/Storage | Identified exit to Garrison 5447 | -8/Storage | Entered Garrison 5598 | -8/Garrison | Triggered checkpoint 5673 | -8/Garrison | Triggered checkpoint 5699 | -8/Garrison | Garrison Relay disabled 5758 | -8/Garrison | Discovered new exit (range 14) 5841 | -8/Garrison | Triggered checkpoint 5964 | -8/Garrison | Triggered checkpoint 6085 | -8/Garrison | Triggered checkpoint 6132 | -8/Garrison | Garrison Relay disabled 6168 | -8/Garrison | Garrison Relay disabled 6241 | -8/Garrison | Discovered new exit (range 11) 6267 | -8/Garrison | Identified exit to Factory 6527 | -8/Garrison | Installed Relay Interface Framework 6599 | -8/Garrison | Triggered checkpoint 6644 | -8/Garrison | Lost 3 parts (2u1w) 6702 | -8/Garrison | Triggered checkpoint 6821 | -8/Garrison | Build established: Bothacker-Mutant 6835 | -8/Garrison | Discovered exit to Factory (range 11) 6879 | -8/Garrison | Triggered checkpoint 6907 | -8/Garrison | Garrison Relay disabled 7096 | -8/Garrison | Garrison Relay disabled 7261 | -8/Garrison | Entered Factory 7261 | -7/Factory | Accompanied by 2 allies 7261 | -7/Factory | Evolved 2 slots: Propulsion x1, Utility x1 7652 | -7/Factory | P-60 Hacker assimilated allied Trooper 3a 7667 | -7/Factory | P-60 Hacker assimilated allied Trooper 3b 8131 | -7/Factory | Discovered new exit (range 16) 8280 | -7/Factory | Discovered new exit (range 5) 8436 | -7/Factory | Discovered new exit (range 14) 8507 | -7/Factory | Discovered new exit (range 9) 8738 | -7/Factory | P-60 Hacker assimilated allied Guardian 4a 8744 | -7/Factory | Crushed by falling debris 9064 | -7/Factory | Discovered new exit (range 14) 9082 | -7/Factory | Repaired Adv. Assault Cannon? 9336 | -7/Factory | Identified exit to Garrison 9341 | -7/Factory | Entered Garrison 9411 | -7/Garrison | Triggered checkpoint 9456 | -7/Garrison | Garrison Relay disabled 9582 | -7/Garrison | Triggered checkpoint 9605 | -7/Garrison | Triggered checkpoint 9613 | -7/Garrison | Triggered checkpoint 9647 | -7/Garrison | Lost 3 allies 9811 | -7/Garrison | Expanded RIF knowledge: Structural Interface 9926 | -7/Garrison | Garrison Relay disabled 9955 | -7/Garrison | Discovered new exit (range 13) 10088 | -7/Garrison | System corruption reached 10% 10097 | -7/Garrison | Core integrity fell below 50% 10133 | -7/Garrison | Lost 5 parts (2p1n2u) 10207 | -7/Garrison | Triggered checkpoint 10261 | -7/Garrison | Garrison Relay disabled 10342 | -7/Garrison | Discovered new exit (range 8) 10353 | -7/Garrison | Entered Factory 11025 | -7/Factory | Discovered new exit (range 7) 11386 | -7/Factory | Discovered new exit (range 15) 11548 | -7/Factory | Identified exit to Lower Caves 11613 | -7/Factory | Core integrity fell below 20% 11692 | -7/Factory | Discovered new exit (range 15) 11710 | -7/Factory | Repaired Arm. Huge Wheel? 11833 | -7/Factory | Identified exit to Garrison 11840 | -7/Factory | Entered Garrison 11840 | -7/Garrison | Accompanied by 4 allies 11844 | -7/Garrison | Triggered checkpoint 12024 | -7/Garrison | Triggered checkpoint 12052 | -7/Garrison | Garrison Relay disabled 12106 | -7/Garrison | Triggered checkpoint 12145 | -7/Garrison | Triggered checkpoint 12162 | -7/Garrison | Triggered checkpoint 12198 | -7/Garrison | Triggered checkpoint 12235 | -7/Garrison | Lost 4 allies 12257 | -7/Garrison | Destroyed 7 combat bots 12385 | -7/Garrison | Expanded RIF knowledge: Robot Detection 12447 | -7/Garrison | Discovered new exit (range 14) 12468 | -7/Garrison | Entered Factory 12468 | -6/Factory | Evolved 2 slots: Utility x2 13244 | -6/Factory | Lost 5 parts (1p2u2w) 13718 | -6/Factory | Identified exit to Garrison 13718 | -6/Factory | Entered Garrison 13872 | -6/Garrison | Destroyed 8 combat bots 14040 | -6/Garrison | Triggered checkpoint 14063 | -6/Garrison | Garrison Relay disabled 14176 | -6/Garrison | Spotted B-75 Beast 14184 | -6/Garrison | Hijacked Beast 5a control node with streamctrl_high 14188 | -6/Garrison | Triggered checkpoint 14202 | -6/Garrison | Triggered checkpoint 14228 | -6/Garrison | Destroyed Beast 5a 14246 | -6/Garrison | Lost 3 parts (2n1u) 14292 | -6/Garrison | Lost 3 parts (1p1u1w) 14412 | -6/Garrison | Garrison Relay disabled 14472 | -6/Garrison | Discovered new exit (range 10) 14492 | -6/Garrison | Spotted B-86 Titan 14496 | -6/Garrison | Rewired B-75 Beast 14699 | -6/Garrison | Expanded RIF knowledge: Code Merge 14707 | -6/Garrison | Spotted B-75 Beast 14756 | -6/Garrison | Destroyed B-75 Beast 14783 | -6/Garrison | Lost 7 parts (1p3n1u2w) 15011 | -6/Garrison | Triggered checkpoint 15023 | -6/Garrison | Build established: Botlord-Mutant 15081 | -6/Garrison | Garrison Relay disabled 15087 | -6/Garrison | Garrison Relay disabled 15169 | -6/Garrison | Triggered checkpoint 15177 | -6/Garrison | Spotted Executioner 15179 | -6/Garrison | Spotted Executioner 15186 | -6/Garrison | Rewired Striker 15195 | -6/Garrison | Rewired Executioner 15203 | -6/Garrison | Allies destroyed Executioner 15210 | -6/Garrison | Allies destroyed Executioner 15240 | -6/Garrison | Found Prototype Processor 15240 | -6/Garrison | Identified Exp. Targeting Computer 15380 | -6/Garrison | Triggered checkpoint 15440 | -6/Garrison | Triggered checkpoint 15583 | -6/Garrison | Garrison Relay disabled 15597 | -6/Garrison | Learned Extension security intel 15657 | -6/Garrison | Discovered new exit (range 14) 15756 | -6/Garrison | Triggered checkpoint 15890 | -6/Garrison | Entered Extension 15890 | -6/Extension | Accompanied by 4 allies 15990 | -6/Extension | Rescued a captive Derelict 15998 | -6/Extension | Rescued a captive Derelict 16012 | -6/Extension | Rescued A7 16479 | -6/Extension | Spotted B-75 Beast 16492 | -6/Extension | Allies destroyed B-75 Beast 16498 | -6/Extension | Spotted B-75 Beast 16513 | -6/Extension | Allies destroyed B-75 Beast 16590 | -6/Extension | First assault squad dispatched 16710 | -6/Extension | Lost 3 allies 16711 | -6/Extension | Rescued a captive Derelict 17053 | -6/Extension | Rescued a captive Derelict 17116 | -6/Extension | Discovered new exit (range 10) 17118 | -6/Extension | Discovered new exit (range 6) 17136 | -6/Extension | Disrupted transfer network 17144 | -6/Extension | System corruption reached 10% 17169 | -6/Extension | Lost 4 allies 17177 | -6/Extension | Entered Cetus 17177 | -6/Cetus | Accompanied by 19 allies (A7) 17182 | -6/Cetus | Acquired a Cetus Manufacturing Module code from A7 17190 | -6/Cetus | Spotted Cetus Guard 17192 | -6/Cetus | Spotted Cetus Guard 17195 | -6/Cetus | Spotted Cetus Guard 17196 | -6/Cetus | Destroyed Cetus Guard 17205 | -6/Cetus | Spotted Cetus Guard 17206 | -6/Cetus | Allies destroyed Cetus Guard 17218 | -6/Cetus | Allies destroyed Cetus Guard 17222 | -6/Cetus | Allies destroyed Cetus Guard 17249 | -6/Cetus | Lost 5 allies 17309 | -6/Cetus | Started Cetus Manufacturing Module 17322 | -6/Cetus | Escorted A7 to Cetus Mainframe 17334 | -6/Cetus | Manufactured an Enhanced Grunt 17359 | -6/Cetus | Manufactured an Enhanced Grunt 17384 | -6/Cetus | Manufactured an Enhanced Grunt 17409 | -6/Cetus | Manufactured an Enhanced Grunt 17434 | -6/Cetus | Manufactured an Enhanced Grunt 17527 | -6/Cetus | Discovered new exit (range 16) 17566 | -6/Cetus | Entered Archives 17566 | -6/Archives | Accompanied by 19 allies (A7) 17571 | -6/Archives | Received a hacking code to weaken MAIN.C 17623 | -6/Archives | Lost 4 allies 17645 | -6/Archives | Discovered new exit (range 16) 17664 | -6/Archives | Build established: Commander-Mutant 17688 | -6/Archives | Entered Hub_04(d) 17688 | -6/Hub_04(d) | Accompanied by 16 allies 17721 | -6/Hub_04(d) | Discovered new exit (range 16) 17844 | -6/Hub_04(d) | Core integrity fell below 50% 18038 | -6/Hub_04(d) | First assault squad dispatched 18108 | -6/Hub_04(d) | Lost 3 allies 18229 | -6/Hub_04(d) | Discovered new exit (range 5) 18271 | -6/Hub_04(d) | Identified exit to Garrison 18278 | -6/Hub_04(d) | Lost 3 allies 18405 | -6/Hub_04(d) | Network Hub disabled 18409 | -6/Hub_04(d) | Spotted Lightning 18411 | -6/Hub_04(d) | Spotted Lightning 18412 | -6/Hub_04(d) | Spotted Lightning 18431 | -6/Hub_04(d) | Destroyed Lightning 18431 | -6/Hub_04(d) | Destroyed Lightning 18447 | -6/Hub_04(d) | High security lockdown imminent 18456 | -6/Hub_04(d) | Lost 9 allies 18476 | -6/Hub_04(d) | Destroyed 16 combat bots 18491 | -6/Hub_04(d) | Core integrity fell below 20% 18492 | -6/Hub_04(d) | Entered Factory 18492 | -5/Factory | Evolved 2 slots: Utility x2 18514 | -5/Factory | Lost 7 parts (1p1n4u1w) 18753 | -5/Factory | Garrison activated, responded to threat 18758 | -5/Factory | Build established: Scavenger-Mutant 18792 | -5/Factory | First assault squad dispatched 18881 | -5/Factory | Lost 6 parts (2p2n2w) 18944 | -5/Factory | Core integrity fell below 50% 18977 | -5/Factory | Lost 6 parts (3n1u2w) 19058 | -5/Factory | Sucked down chute 19058 | -5/Factory | Entered Waste 19067 | -5/Waste | Spotted C-40 Crusher 19073 | -5/Waste | EMP discharged 19073 | -5/Waste | System corruption reached 10% 19079 | -5/Waste | Spotted C-40 Crusher 19080 | -5/Waste | Spotted C-40 Crusher 19086 | -5/Waste | Crushed by Compactor (1 part destroyed, 1 dropped) 19093 | -5/Waste | Spotted C-40 Crusher 19106 | -5/Waste | Spotted C-40 Crusher 19106 | -5/Waste | Spotted C-40 Crusher 19109 | -5/Waste | Discovered new exit (range 10) 19114 | -5/Waste | Entered Factory 19257 | -5/Factory | Lost 5 parts (1p3n1w) 19808 | -5/Factory | Identified exit to Garrison 19808 | -5/Factory | Entered Garrison 19845 | -5/Garrison | Core integrity fell below 20% 19881 | -5/Garrison | Spotted B-75 Beast 19881 | -5/Garrison | Spotted B-75 Beast 19924 | -5/Garrison | Garrison Relay disabled 20026 | -5/Garrison | Triggered checkpoint 20035 | -5/Garrison | Garrison Relay disabled 20223 | -5/Garrison | Build established: Bothacker-Mutant 20338 | -5/Garrison | Spotted B-75 Beast 20350 | -5/Garrison | Triggered checkpoint 20446 | -5/Garrison | Triggered checkpoint 20486 | -5/Garrison | Destroyed by B-75 Beast with Magnetic Acceleration Cannon Last Messages --------------- 20415_ RIF reveals location of phase wall. 20436_ Jacked G-50 Soldier... >>overwrite_iff Rewriting IFF filter. 20437_ G-50 Soldier destroyed. 20439_ UFZ1D 3 DT|TOP|QXSLY 20445_ L-41 Fighter suffers critical hit (Burn). 20448_ Soldier 6a destroyed. 20453_ Lgt. Antimatter Reactor destroyed. 20453_ Jacked S-27 Virus... >>amplify_resonance Amplifying resonance, compromised power stability. 20454_ System corrupted: Matter fused (-9). 20454_ S-27 Virus Lgt. Nuclear Core critical resonance detonation. 20454_ S-27 Virus destroyed. 20455_ RIF reveals location of phase wall. 20470_ System corrupted: Energy discharge (-26). 20480_ Slug penetrates B-75 Beast. 20483_ S-27 Virus destroyed. 20483_ Slug penetrates B-75 Beast. Map ----- +----------------------------------------------------+ | | | | | | | | | | | | | | | ?????????????????????????????????????????????????? | | ?????????????????????????????????????????????????? | | ?????????????????????????????????????????????????? | | ?????????????????????????????????????????????????? | | ?????????????????????????????????????????????????? | | ?????????????????????????????????????????????????? | | ?????????????????????????????????????????????????? | | ?????????????????????????????????????????????????? | | ?????????????????????????????????????????????????? | | ?????????????????????????????????????????????????? | | ?????????????????????????????????????????????????? | | ?????????????????????????????????????????????????? | | ?????????????????????????????????????????????????? | | ????????????????????????########?????????????????? | | ????????????????????????# #?????????????????? | | ????????????????????????# """"#?????????????????? | | ????????????????????????# ]]""#?????????????????? | | ????????????????????????# *]]""#?????????????????? | | ????????????????????????#@%""""#?????????????????? | | ????????????????????????#BB% #?????????????????? | | ????????????????????????#BB#####?????????????????? | | ????????????????????????#l%#?????????????????????? | | ????????????????????????# ;#???#######???????????? | | ????????????????????????# ;#???#[ %%=#???????????? | | ??????????????????????###+;;#### [%[###?????????? | | ??????????????????????# * #?????????? | | ??????????????????????## ####""+"### #?????????? | | ??????????????????????#"""""????# #??????????????? | | ??????????????????????#######???# #??????????????? | | ????????????????????????????????# #??????????????? | | ????????????????????????????????#%"### #####?????? | | ????????????????????????????????#= += % #?? | | ????????????????????????????????#%"#%! #?? | | ????????????????????????????????# "?^ #######+##?? | | ????????????????????????????????# "?? #??????????? | | ????????????????????????????????# "?? #??????????? | | ????????????????????????????????# #"??#??????????? | | ?????????????????????????######## ## #??????????? | | ??????????????+??????????# %+ #??????????? | | ??????????????# ?????????# ######### #??????????? | | ??????????????# ?????????# #????????? #??????????? | | ??????????????# ????????# #??????????#??????????? | | ?????????????## ##""""###+##????????????????????? | +----------------------------------------------------+ Best States ------------- Heat Dissipation 75 Coolant Potential 65 Energy Generation 29 Energy Capacity 520 Matter Stores 310 Matter Capacity 450 Sight Range 22 Terrain Scan Density 10 Armor Coverage 1800 Resistance: TH 25 Evasion (%) 55 Targeting Accuracy 12 Target Analysis 9 Recoil Reduction 4 Offensive Hacking 12 Relay Coupler Types 5 Relay Coupler Value 160 Authchip Count 3 Item Schematics ----------------- None Robot Schematics ------------------ B-48 Gladiator | -7/Factory | Hacked Fabricated ------------ Nothing Alien Tech Used ----------------- None Achievements -------------- None Challenges ------------ None Game ------ Seed DiametricFusionTelecube Manual? 0 Play Time 04:01:28 Cumulative 496.3 hours Start 2025.03.01 @ 17:39:30 End 2025.03.02 @ 19:05:52 Sessions 7 Manual Loads 0 Difficulty Rogue Special Mode None Game No. 203 Rogue 203 Adventurer 0 Explorer 0 Win Type - Total 15 Types 13/0/1/1/0/0/0/0/0 Lore% 79 Gallery% 84 Achievement% 70 Wizard Run 0 Options --------- Layout 0 ASCII 0 Keyboard 0 Movement Numpad Keybinds 0 Fullscreen 1 Font 24/X11 Map View 76x50 Zoom Use 0% Tactical HUD 1 Map Filters NONE Filters NONE Steam 1 RUN: 1e4404a1-d7ef-4d3a-b2eb-ba880f7eaec2